 Dungeon Crawl Stone Soup version 0.22-b1-21-g5cfc168 (webtiles) character file.

6291 dvd the Thaumaturge (level 10, -4/60 HPs)
             Began as an Octopode Fire Elementalist on Aug 5, 2018.
             Was an Elder of Vehumet.
             Slain by a hippogriff (6 damage)
             ... on level 9 of the Dungeon.
             The game lasted 00:27:46 (9451 turns).

dvd the Thaumaturge (Octopode Fire Elementalist)    Turns: 9451, Time: 00:27:47

Health: -4/60      AC:  1    Str:  7    XL:     10   Next: 94%
Magic:  6/37       EV: 15    Int: 23    God:    Vehumet [****..]
Gold:   441        SH:  8    Dex: 14    Spells: 6/25 levels left

rFire    + . .     SeeInvis .   g - staff of power
rCold    . . .     Gourm    .   h - +3 buckler {rF+}
rNeg     + . .     Faith    .   (helmet restricted)
rPois    .         Spirit   .   (no amulet)
rElec    .         Reflect  .   e - ring of positive energy
rCorr    .         Harm     .   q - ring of flight
MR       .....                  D - +3 ring of intelligence
Stlth    +++.......             (no ring)
HPRegen  0.20/turn              (no ring)
MPRegen  0.25/turn              (no ring)
                                (no ring)
                                (no ring)

@: no status effects
A: almost no armour, stealthy swim, amphibious, 8 rings, constrict 8, camouflage
1, gelatinous body 1
a: Renounce Religion, Evoke Flight


You were on level 9 of the Dungeon.
You worshipped Vehumet.
Vehumet was greatly pleased with you.
You were not hungry.

You visited 1 branch of the dungeon, and saw 10 of its levels.

You collected 441 gold pieces.

Inventory:

Hand Weapons
 l - a +2 great sword of holy wrath
 m - a +0 rapier
 r - a +0 falchion
 w - a +3 whip of venom
 x - a +0 dagger of freezing
Armour
 h - a +3 buckler of fire resistance (worn)
Magical Staves
 g - an uncursed staff of power (weapon)
 G - an uncursed staff of air
Jewellery
 e - a ring of positive energy (left tentacle)
 q - a ring of flight (right tentacle)
 s - an uncursed amulet of guardian spirit
 D - a +3 ring of intelligence (on tentacle)
Wands
 a - a wand of paralysis (8)
 t - a wand of flame (19)
 B - a wand of polymorph (8)
 H - a wand of acid (6)
Scrolls
 d - 16 scrolls of identify
 o - a scroll of teleportation
 p - a scroll of magic mapping
 y - 6 scrolls of remove curse
 z - 2 scrolls of blinking
 E - 2 scrolls of enchant armour
Potions
 c - 3 potions of flight {unknown}
 f - 2 potions of agility {unknown}
 i - 2 potions of berserk rage {unknown}
 k - a potion of lignification {unknown}
 n - 3 potions of brilliance {unknown}
 u - 2 potions of curing
 v - 4 potions of heal wounds {unknown}
 F - a potion of magic {unknown}
Comestibles
 b - 17 rations
 j - a chunk of flesh


   Skills:
 + Level 2.0 Fighting
 + Level 1.9(2.2) Short Blades
 + Level 1.5(2.0) Long Blades
 + Level 2.3 Staves
 + Level 3.7 Dodging
 - Level 3.1 Stealth
 + Level 5.3 Shields
 + Level 8.4 Spellcasting
 + Level 7.7 Conjurations
 + Level 0.1 Necromancy
 + Level 8.0 Fire Magic
 + Level 2.2 Ice Magic
 + Level 0.1 Evocations


You had 6 spell levels left.
You knew the following spells:

 Your Spells              Type           Power        Failure   Level  Hunger
a - Flame Tongue          Conj/Fire      #####        1%          1    None
b - Throw Flame           Conj/Fire      #####.       1%          2    None
c - Freeze                Ice            ###.         1%          1    None
d - Sticky Flame          Conj/Fire      #####...     1%          4    ##.....
e - Regeneration          Chrm/Necr      ##........   19%         3    None
f - Fireball              Conj/Fire      #####.....   1%          5    #####..
g - Stone Arrow           Conj/Erth      ####..       1%          3    None

Your spell library contained the following spells:

 Spells                   Type           Power        Failure   Level  Hunger
 Conjure Flame            Conj/Fire      #####...     1%          3    None
 Animate Dead             Necr           N/A          54%         4    ##.....
 Pain                     Necr           ##..         6%          1    None
 Animate Skeleton         Necr           N/A          6%          1    None
 Vampiric Draining        Necr           ##........   19%         3    None
 Inner Flame              Hex/Fire       ####....     1%          3    None


Dungeon Overview and Level Annotations

Branches:
Dungeon (10/15)            Temple (0/1) D:7
   Lair: D:8-11         Orc: D:9-12

Altars:
Ashenzari
Elyvilon
Gozag
Makhleb
Okawaru
Qazlal
Sif Muna
Trog
Uskayaw
Vehumet
Wu Jian
Yredelemnul
Zin

Shops:
D:10 (}:*


Innate Abilities, Weirdness & Mutations

You cannot wear most types of armour.
You are very stealthy in the water. (Stealth+)
You are amphibious.
You can wear up to eight rings at the same time.
You can use your tentacles to constrict eight enemies at once.
Your skin changes colour to match your surroundings (Stealth+).
Your rubbery body absorbs attacks. (AC +1, EV +1)


Message History

A water moccasin comes into view.
A hippogriff comes into view.
Casting: Flame Tongue (safe; 1% risk of failure)
Confirm with . or Enter, or press ? or * to list all spells.
Okay, then.
Unknown command.
The hippogriff bites you. You block the hippogriff's attack.
The hippogriff claws you.
Some of the chunks of flesh in your inventory have rotted away.
There is a stone staircase leading up here.
The hippogriff bites you!
* * * LOW HITPOINT WARNING * * *
You block the hippogriff's attack. x2
You climb upwards.
There is a stone staircase leading down here.
Unknown command.
The hippogriff bites you!
* * * LOW HITPOINT WARNING * * *
You block the hippogriff's attack. The hippogriff claws you.
You die...

##.....# #......## ##......##
#.......# #......## #.....###
#.....#.## ######.H>.....#
#.##.#..@..#.## ###'###......###
#88.88##......## #88.88##.......#
#8._.8#.......##
#88.88##.....#.### ### ##
#88.88##.........#####.###. #
######'###......#.....##......
####..##...#.#.....###....##.....


You could see a hippogriff.

Vanquished Creatures
  A two-headed ogre (D:7)
  A troll (D:9)
  3 hippogriffs
  Sigmund (D:3)
  3 wyverns
  2 hungry ghosts (D:10)
  A water moccasin (D:5)
  4 sky beasts
  5 ice beasts
  A black bear (D:8)
  3 ogres
  A necrophage (D:10)
  4 centaurs
  3 bullfrogs
  A water moccasin skeleton (D:4)
  5 wights (D:9)
  4 howler monkeys
  3 crimson imps
  3 centaur zombies
  2 bullfrog zombies
  6 hounds
  A jelly (D:8)
  3 orc priests
  A bullfrog skeleton (D:4)
  7 orc wizards
  2 centaur skeletons
  An iguana (D:7)
  10 worker ants
  A hound zombie (D:8)
  2 hound skeletons
  11 gnolls
  2 howler monkey skeletons
  8 adders
  2 shadow imps (D:9)
  An adder skeleton (D:5)
  2 worms
  3 dart slugs
  9 leopard geckos
  30 orcs
  6 bats
  9 giant cockroaches
  8 goblins
  9 hobgoblins
  10 jackals
  6 kobolds
  4 quokkas
  4 ball pythons
  10 frilled lizards
  A jackal skeleton (D:4)
  A quokka zombie (D:5)
  5 rats
226 creatures vanquished.

Notes
Turn   | Place    | Note
-------+----------+-------------------------------------------
     0 | D:1      | dvd the Octopode Fire Elementalist began the quest for the Orb.
     0 | D:1      | Reached XP level 1. HP: 11/11 MP: 3/3
     6 | D:1      | Noticed a crocodile
     6 | D:1      | Noticed a hog
     6 | D:1      | Noticed an anaconda
     6 | D:1      | Noticed a lindwurm
   179 | D:1      | Reached XP level 2. HP: 17/17 MP: 5/5
   272 | D:1      | Learned a level 2 spell: Throw Flame
   652 | D:1      | Reached XP level 3. HP: 8/21 MP: 0/6
  1263 | D:2      | Found a shattered altar of Ashenzari.
  1266 | D:2      | Noticed an ice beast
  1346 | D:2      | Killed an ice beast
  1346 | D:2      | Reached skill level 1 in Shields
  1346 | D:2      | Reached XP level 4. HP: 4/27 MP: 0/8
  1346 | D:2      | Reached XP level 5. HP: 5/31 MP: 0/9
  1617 | D:2      | Found a radiant altar of Vehumet.
  1617 | D:2      | Found an iron altar of Okawaru.
  1617 | D:2      | Found a stormy altar of Qazlal.
  1617 | D:2      | Found a basalt altar of Yredelemnul.
  1630 | D:2      | Became a worshipper of Vehumet
  1865 | D:3      | Noticed Sigmund
  2211 | D:3      | Reached * piety under Vehumet
  2211 | D:3      | Offered knowledge of Freeze by Vehumet.
  2224 | D:3      | Learned a level 1 spell: Freeze
  2303 | D:3      | Reached skill level 1 in Short Blades
  2404 | D:3      | Reached XP level 6. HP: 28/36 MP: 1/10
  2852 | D:3      | Killed Sigmund
  3317 | D:4      | Reached XP level 7. HP: 37/42 MP: 10/12
  3391 | D:4      | Found a deep blue altar of Sif Muna.
  3425 | D:4      | Learned a level 4 spell: Sticky Flame
  3588 | D:4      | Reached ** piety under Vehumet
  3659 | D:4      | Offered knowledge of Magic Dart by Vehumet.
  3776 | D:4      | Reached skill level 1 in Long Blades
  4288 | D:4      | Found a burning altar of Makhleb.
  4289 | D:4      | Found a glowing silver altar of Zin.
  4289 | D:4      | Noticed an angel
  4290 | D:4      | Noticed a blizzard demon
  4415 | D:5      | Entered Level 5 of the Dungeon
  4536 | D:5      | Reached XP level 8. HP: 24/47 MP: 13/14
  4591 | D:5      | Reached skill level 1 in Ice Magic
  4835 | D:5      | Learned a level 1 spell: Magic Dart
  5052 | D:5      | Found a white marble altar of Elyvilon.
  5241 | D:5      | Learned a level 5 spell: Fireball
  5265 | D:5      | Offered knowledge of Mephitic Cloud by Vehumet.
  5399 | D:5      | Reached skill level 1 in Fighting
  5442 | D:5      | Reached skill level 5 in Fire Magic
  5757 | D:5      | Reached skill level 5 in Spellcasting
  6097 | D:6      | Reached *** piety under Vehumet
  6495 | D:6      | Found a bloodstained altar of Trog.
  6540 | D:6      | Reached XP level 9. HP: 35/53 MP: 17/17
  6745 | D:6      | Found a bloodstained altar of Trog.
  6784 | D:6      | Reached skill level 5 in Conjurations
  7025 | D:7      | Found a hide-covered altar of Uskayaw.
  7186 | D:7      | Reached skill level 1 in Staves
  7357 | D:7      | Found a staircase to the Ecumenical Temple.
  7365 | D:7      | Offered knowledge of Throw Icicle by Vehumet.
  7997 | D:8      | Noticed a two-headed ogre
  8009 | D:7      | Killed a two-headed ogre
  8009 | D:7      | Reached XP level 10. HP: 38/59 MP: 15/20
  8295 | D:8      | Reached **** piety under Vehumet
  8449 | D:8      | Offered knowledge of Stone Arrow by Vehumet.
  8458 | D:8      | Learned a level 3 spell: Stone Arrow
  8947 | D:9      | Found an opulent altar of Gozag.
  9017 | D:9      | Reached skill level 5 in Shields
  9209 | D:9      | Found an opulent altar of Gozag.
  9215 | D:9      | Learned a level 3 spell: Regeneration
  9272 | D:9      | Found an ornate altar of the Wu Jian Council.
  9354 | D:10     | Entered Level 10 of the Dungeon
  9367 | D:10     | Found Ivibo's Antique Weapon Emporium.
  9368 | D:10     | Found Etueddas's Book Shoppe.
  9379 | D:10     | Found Wimokh's General Store.
  9379 | D:10     | Found Hoaffuev's Gadget Boutique.
  9451 | D:9      | HP: 2/60 [hippogriff (12)]
  9451 | D:9      | Slain by a hippogriff

Skill      XL: |  1  2  3  4  5  6  7  8  9 10 |
---------------+-------------------------------+-----
Stealth        | 3 |  3.1
Shields        | 1 2 3 4 5 |  5.3
Conjurations   | 2 3 4 6 7 |  7.7
Short Blades   | 1 |  1.9
Spellcasting   | 3 4 5 6 8 |  8.4
Fire Magic     | 4 5 6 8 |  8.0
Long Blades    | 1 |  1.5
Ice Magic      | 1 2 |  2.2
Fighting       | 1 2 |  2.0
Staves         | 2 |  2.3
Dodging        | 3 |  3.7
Necromancy     | |  0.1
Evocations     | |  0.1

Action                   |  1- 3 |  4- 6 |  7- 9 | 10-12 || total
-------------------------+-------+-------+-------+-------++-------
Melee: Unarmed           |     5 |       |       |       ||     5
       Dagger            |    33 |     2 |       |       ||    35
       Constrict         |    13 |     7 |    18 |     4 ||    42
       Tentacles         |     7 |     2 |    12 |     4 ||    25
       Rapier            |       |    25 |       |       ||    25
       Falchion          |       |     3 |    20 |       ||    23
       Staff             |       |       |    50 |    14 ||    64
 Cast: Flame Tongue      |    23 |    55 |    91 |    43 ||   212
       Throw Flame       |     6 |    20 |    73 |    12 ||   111
       Freeze            |       |       |    18 |     4 ||    22
       Sticky Flame      |       |       |    21 |    16 ||    37
       Fireball          |       |       |    14 |    28 ||    42
       Magic Dart        |       |       |       |     3 ||     3
       Regeneration      |       |       |       |     1 ||     1
       Stone Arrow       |       |       |       |     1 ||     1
Evoke: Wand              |       |     2 |       |       ||     2
  Use: Scroll            |       |       |     5 |     6 ||    11
 Stab: Sleeping          |     6 |     4 |     9 |     1 ||    20
  Eat: Chunk             |     2 |     7 |    21 |    14 ||    44
Armor: Skin              |     1 |     1 |     3 |     3 ||     8
Dodge: Dodged            |    24 |    20 |    69 |    32 ||   145
Block: Buckler           |     8 |    10 |    46 |    20 ||    84
       Rpst.: Falchion   |       |     1 |     4 |       ||     5
